 Dungeon Crawl Stone Soup version 0.31.0-9-g3a7656b989 (webtiles) character file.

Game seed: 502401769473666044

25 CaptainMV the Trooper (level 2, -2/36 HPs)
             Began as a Demonspawn Wanderer on Jan 25, 2024.
             Slain by Natasha (3 damage)
             ... on level 2 of the Dungeon.
             The game lasted 00:04:42 (525 turns).

CaptainMV the Trooper (Demonspawn Wanderer)          Turns: 525, Time: 00:04:44

Health: -2/36      AC:  3    Str:  9    XL:     2   Next: 86%
Magic:  2/2        EV: 11    Int: 12    God:
Gold:   15         SH:  0    Dex: 15    Spells: 1/1 levels left

rFire   . . .        a - +2 mace
rCold   . . .        (no shield)
rNeg    . . .        e - +0 robe
rPois   .            c - +0 helmet
rElec   .            (no cloak)
rCorr   .            (no gloves)
SInv    .            (no boots)
Will    .....        (no amulet) Stlth
                     (no ring)
HPRegen 0.26/turn    (no ring)
MPRegen 0.08/turn

%: no passive effects
@: berserking, very quick
A: hooves 1
a: no special abilities


You were on level 2 of the Dungeon.
You visited 1 branch of the dungeon, and saw 2 of its levels.

You collected 15 gold pieces.

Inventory:

Hand Weapons
 a - a +2 mace (weapon)
 b - a +0 sling
Missiles
 h - 2 boomerangs (quivered)
Armour
 c - a +0 helmet (worn)
 e - a +0 robe (worn)
Jewellery
 i - an amulet of guardian spirit
Talismans
 f - a serpent talisman
Scrolls
 k - 2 scrolls of teleportation
Potions
 g - a potion of curing {unknown}
 j - a potion of degeneration {unknown}


   Skills:
 + Level 3.5 Fighting
 + Level 2.2 Maces & Flails
 + Level 1.0 Ranged Weapons
 + Level 2.9 Armour
 + Level 1.0 Dodging
 + Level 0.2 Stealth


You had one spell level left.
You didn't know any spells.
Your spell library was empty.

Dungeon Overview and Level Annotations

Branches:
Dungeon (2/15)

Altars:

Annotations:
D:2 Natasha


Innate Abilities, Weirdness & Mutations

You have large cloven feet.


Message History

Aim: Natasha (47% to hit)
You shoot a sling bullet. The sling bullet hits Natasha!
Natasha is heavily wounded.
Fire: b) +0 sling
Press: ? - help, Shift-Dir - straight line, f/p - Natasha
Aim: Natasha (heavily wounded, 47% to hit)
You shoot a sling bullet.
The sling bullet hits Natasha but does no damage.
Natasha is heavily wounded.
Natasha casts a spell at you. The magic dart hits you.
Fire: b) +0 sling
Press: ? - help, Shift-Dir - straight line, f/p - Natasha
Aim: Natasha (heavily wounded, 47% to hit)
You shoot a sling bullet. The sling bullet barely misses Natasha.
Natasha casts a spell.
Fire: b) +0 sling
Press: ? - help, Shift-Dir - straight line, f/p - Natasha
Aim: Natasha (heavily wounded, 47% to hit)
You shoot a sling bullet. The sling bullet hits Natasha.
Natasha is severely wounded.
Natasha stares at you and mumbles some strange words.
The magic dart hits you.
a - a +2 mace (weapon)
The cerulean imp hits you from afar with a +2 spear.
* * * LOW HITPOINT WARNING * * *
You closely miss Natasha. Your kick misses Natasha.
Natasha is severely wounded.
Natasha claws you.
* * * LOW HITPOINT WARNING * * *
The cerulean imp hits you from afar with a +2 spear.
* * * LOW HITPOINT WARNING * * *
Natasha closely misses you.
A red film seems to cover your vision as you go berserk!
You feel yourself moving faster!
You feel mighty!
The cerulean imp hits you from afar with a +2 spear.
* * * LOW HITPOINT WARNING * * *
Natasha claws you.
You die...
Natasha curls up and begins to purr.

...... #.....#
#.....## #......
..#...#
#.#.5.##### #
#.#h.......
#.###.#@#.#
##.......#.#
.....(.....####
.######.........
................
.##.....#.######
#.....#.#
+.....+..
#.....#.##


You could see Natasha and a cerulean imp (summoned).

Vanquished Creatures
  2 dart slugs (D:1)
  2 ball pythons (D:2)
  2 endoplasms (D:1)
  A giant cockroach (D:1)
  A goblin (D:1)
  2 hobgoblins (D:1)
  A quokka (D:1)
  3 bats (D:1)
  A frilled lizard (D:1)
  3 kobolds (D:1)
  A rat (D:1)
19 creatures vanquished.

Notes
Turn   | Place    | Note
-------+----------+-------------------------------------------
     0 | D:1      | CaptainMV the Demonspawn Wanderer began the quest for the
                  | Orb.
     0 | D:1      | CaptainMV set off with the following items: a +2 mace, a +0
                  | sling, a +0 helmet, a potion of berserk rage, a +0 robe.
     0 | D:1      | Reached XP level 1. HP: 18/18 MP: 1/1
   232 | D:1      | Gained mutation: You have large cloven feet. [demonic
                  | ancestry]
   232 | D:1      | Reached XP level 2. HP: 24/24 MP: 2/2
   517 | D:2      | Noticed Natasha
   525 | D:2      | HP: 1/36 [cerulean imp/+2 spear[Natasha] (2)]
   525 | D:2      | Slain by Natasha

Illustrated notes

Levels and vault maps discovered:
D:1:      lordsloth_arrival_two_stooges, layout_basic, serial_glass,
          glass_columns_a, glass_columns_a, minmay_domino_4
D:2:      layout_basic, basic_altar, uniq_natasha

Skill      XL: |  1 |
---------------+----+-----
Maces & Flails | 2 |  2.2
Fighting       | |  3.5
Ranged Weapons | |  1.0
Armour         | |  2.9
Dodging        | |  1.0
Stealth        | |  0.2

Action                     || total
---------------------------++-------
  Melee: Mace              ||    22
         Unarmed           ||     5
         Constrict         ||     1
         Kick              ||     5
   Fire: Sling             ||    11
Ability: Begin Untransform ||     1
    Use: Scroll            ||     4
         Potion            ||     1
   Stab: Sleeping          ||     1
 Armour: Robe              ||    19
         Skin              ||     1
  Dodge: Dodged            ||    13
   Form: Serpent           ||     1
